 Dungeon Crawl Stone Soup version 0.31-a0-246-g8cbcc1cb85 (webtiles) character file.

Game seed: 2543330065644480452

48 qw the Shooter (level 3, -4/29 HPs)
             Began as a Minotaur Hexslinger on July 12, 2023.
             Slain by Grinder (8 damage)
             ... on level 3 of the Dungeon.
             The game lasted 00:00:36 (1347 turns).

qw the Shooter (Minotaur Hexslinger)                Turns: 1347, Time: 00:00:37

Health: -4/29      AC:  5    Str: 12    XL:     3   Next: 50%
Magic:  3/3        EV: 11    Int: 10    God:
Gold:   62         SH:  0    Dex: 14    Spells: 3/4 levels left

rFire   + . .        Y - +1 sling
rCold   . . .        (no shield)
rNeg    . . .        h - +0 ring mail
rPois   .            (helmet restricted)
rElec   .            (no cloak)
rCorr   .            (no gloves)
SInv    .            (no boots)
Will    .....        (no amulet)
Stlth   +            j - ring of protection from fire
HPRegen 0.24/turn    (no ring)
MPRegen 0.08/turn

%: no passive effects
@: no status effects
A: horns 2, retaliatory headbutt
a: no special abilities


You were on level 3 of the Dungeon.
You visited 1 branch of the dungeon, and saw 3 of its levels.

You collected 62 gold pieces.


Innate Abilities, Weirdness & Mutations

You have a pair of horns on your head.
You reflexively headbutt those who attack you in melee.


   Skills:
 - Level 2.0 Fighting
 - Level 4.0 Ranged Weapons
 + Level 0.5 Armour
 - Level 2.1 Dodging
 - Level 1.0 Spellcasting
 - Level 2.0 Hexes


You had 3 spell levels left.
You knew the following spells:

 Your Spells              Type           Power      Damage    Failure   Level
a - Slow                  Hex            16%        N/A       34%         1

Your spell library contained the following spells:

 Spells                   Type           Power      Damage    Failure   Level
 Inner Flame              Hex/Fire       2%         N/A       83%         3
 Portal Projectile        Hex/Tloc       4%         N/A       83%         3
 Cause Fear               Hex            2%         N/A       98%         4

Inventory:

Hand Weapons
 Y - a +1 sling (weapon)
Armour
 h - a +0 ring mail (worn)
Jewellery
 j - a ring of protection from fire (left hand)
Scrolls
 k - a scroll of identify
Potions
 d - a potion of might
 f - a potion of curing
 g - a potion of heal wounds {unknown}
 m - a potion of degeneration {unknown}
 n - a potion of attraction {unknown}

Dungeon Overview and Level Annotations

Branches:
Dungeon (3/15)

Altars:

Annotations:
D:3 Grinder


Message History

The sling bullet closely misses Grinder.
You shoot a sling bullet.
The sling bullet closely misses Grinder.
Grinder gestures at you.
You suddenly lose the ability to move!
Grinder says, "Tell me all your secrets, or I'll kill you."
You can move again.
You shoot a sling bullet. The sling bullet hits Grinder.
Grinder is lightly wounded.
You shoot a sling bullet. The sling bullet barely misses Grinder.
You shoot a sling bullet. The sling bullet barely misses Grinder.
Grinder gestures at you. Pain shoots through your body!
Grinder hits you but does no damage.
You shoot a sling bullet. The sling bullet hits Grinder.
Grinder is lightly wounded.
Grinder hits you.
You shoot a sling bullet. The sling bullet barely misses Grinder.
Grinder barely misses you.
You shoot a sling bullet. The sling bullet hits Grinder.
Grinder is moderately wounded.
Grinder hits you but does no damage. Grinder barely misses you.
You shoot a sling bullet.
The sling bullet hits Grinder but does no damage.
Grinder is moderately wounded.
Grinder misses you.
You shoot a sling bullet. The sling bullet hits Grinder.
Grinder is moderately wounded.
Grinder says, "Wait up."
Grinder hits you but does no damage.
You shoot a sling bullet. The sling bullet barely misses Grinder.
Grinder hits you! Grinder barely misses you.
You shoot a sling bullet. The sling bullet barely misses Grinder.
Grinder hits you!
You shoot a sling bullet. The sling bullet hits Grinder.
Grinder is moderately wounded.
Grinder hits you.
You shoot a sling bullet.
The sling bullet closely misses Grinder.
Grinder hits you!
You die...

#.# #.# # #.# .# #.#
.. ####.####.#
#.........###
#.........#..
#....@5.>...#
##########.........###
#.............###..#
#.###############..#
#.#.........#......#
#.#.#######.#)###..#
#.#.#........)##<..#
#.#.#.........##...#
#.#.#.........##...#


You could see Grinder.

Vanquished Creatures
  A worm (D:2)
  4 orcs (D:2)
  2 ball pythons
  2 endoplasms (D:1)
  3 giant cockroaches (D:1)
  4 goblins
  5 hobgoblins
  3 kobolds
  3 quokkas (D:1)
  4 bats
  A frilled lizard (D:2)
  4 rats
36 creatures vanquished.

Notes
Turn   | Place    | Note
-------+----------+-------------------------------------------
     0 | D:1      | qw the Minotaur Hexslinger began the quest for the Orb.
     0 | D:1      | Reached XP level 1. HP: 16/16 MP: 1/1
     0 | D:1      | 0 ||| qw: Version: 0.3-a-52-g30416fa
     0 | D:1      | 0 ||| qw: Game counter: 6503
     0 | D:1      | 0 ||| qw: Melee chars always use a shield: true
     0 | D:1      | 0 ||| qw: God list: Okawaru
     0 | D:1      | 0 ||| qw: Allow faded altars: false
     0 | D:1      | 0 ||| qw: Do Orc after clearing Dungeon:15 true
     0 | D:1      | 0 ||| qw: Do second Lair branch before Depths: true
     0 | D:1      | 0 ||| qw: Lair rune preference: random
     0 | D:1      | 0 ||| qw: Goals: Normal
     0 | D:1      | 0 ||| PLANNING D:1-11
   269 | D:1      | Reached skill level 3 in Ranged Weapons
   269 | D:1      | Reached XP level 2. HP: 9/23 MP: 2/2
   583 | D:1      | 583 ||| UPGRADING to +0 leather armour.
   593 | D:1      | 593 ||| DROPPING +0 robe.
   594 | D:1      | 594 ||| UPGRADING to +0 ring mail.
   604 | D:1      | 604 ||| DROPPING +0 leather armour.
   605 | D:1      | 605 ||| UPGRADING to ring of protection from fire.
   606 | D:1      | 606 ||| READING scroll labelled IPYAN VOMESOLO.
   607 | D:1      | 607 ||| READING scroll labelled AWUFRI FATAQ.
   608 | D:1      | 608 ||| DROPPING scroll of poison.
   647 | D:2      | 647 ||| STAIRDANCE
   775 | D:2      | Reached XP level 3. HP: 29/29 MP: 3/3
  1034 | D:2      | Reached skill level 4 in Ranged Weapons
  1155 | D:2      | 1155 ||| READING scroll labelled OXERUO CUTIGO.
  1210 | D:2      | 1210 ||| READING scroll labelled XAUNOE JOFYWOO.
  1211 | D:2      | 1211 ||| READING scroll labelled SUWKOACUVO.
  1212 | D:2      | 1212 ||| READING scroll labelled DERALI KERO.
  1213 | D:2      | 1213 ||| READING scroll labelled GUNU GOOTHRATOT.
  1214 | D:2      | 1214 ||| READING 2 scrolls labelled KIDGHE ATZISAN.
  1215 | D:2      | 1215 ||| DRINKING 2 pink potions.
  1216 | D:2      | 1216 ||| READING 2 scrolls of identify.
  1216 | D:2      | 1216 ||| IDENTIFYING silvery potion
  1217 | D:2      | 1217 ||| DROPPING scroll of revelation.
  1332 | D:3      | Noticed Grinder
  1334 | D:3      | Paralysed by Grinder for 2 turns
  1345 | D:3      | HP: 5/29 [Grinder (7)]
  1347 | D:3      | Slain by Grinder

Levels and vault maps discovered:
D:1:      tarquinn_simple_flora_water_e, layout_basic
D:2:      layout_rooms
D:3:      layout_basic, fedhas_altar_2, uniq_grinder, uniq_crazy_yiuf_cottage

Skill      XL: |  1  2  3 |
---------------+----------+-----
Ranged Weapons | 3 4 |  4.0
Fighting       | 2 |  2.0
Armour         | |  0.5
Dodging        | |  2.1
Spellcasting   | |  1.0
Hexes          | |  2.0

Action                     || total
---------------------------++-------
   Fire: Sling             ||   122
    Use: Scroll            ||     9
         Potion            ||     1
 Armour: Robe              ||     4
         Ring mail         ||    13
  Dodge: Dodged            ||    38

Table legend:
 A = Non-vault XP
 B = Vault XP
 C = Vault XP percentage of total XP
 D = Non-vault monster count
 E = Vault monster count
 F = Vault count percentage of total count
                 A         B        C        D         E       F
            +---------+---------+-------+---------+---------+-------
      Total |      69 |       0 |   0.0 |      36 |       0 |   0.0
            +---------+---------+-------+---------+---------+-------
        D:1 |      34 |       0 |   0.0 |      19 |       0 |   0.0
        D:2 |      29 |       0 |   0.0 |      14 |       0 |   0.0
        D:3 |       6 |       0 |   0.0 |       3 |       0 |   0.0
            +---------+---------+-------+---------+---------+-------
